 Dungeon Crawl Stone Soup version 0.28-a0-834-g1a73be5ee4 (webtiles) character file.

Game seed: 510206870103470463

12488 jasper the Destroyer (level 11, -2/70 HPs)
             Began as a Demonspawn Venom Mage on Nov 11, 2021.
             Was a Believer of Vehumet.
             Hit by a silver javelin thrown by a minotaur (16 damage)
             ... in a Gauntlet.
             The game lasted 00:19:45 (13506 turns).

jasper the Destroyer (Demonspawn Venom Mage)       Turns: 13506, Time: 00:19:45

Health: -2/70      AC: 11    Str: 11 (12) XL:     11   Next: 63%
Magic:  4/29       EV: 12    Int: 19      God:    Vehumet [**....]
Gold:   72         SH: 15    Dex: 20      Spells: 1/22 levels left

rFire   + . .      SeeInvis .   L - staff of conjuration
rCold   . . .      Faith    .   (no shield)
rNeg    . . .      Spirit   .   u - +2 robe {Archmagi}
rPois   .          Reflect  +   (helmet restricted)
rElec   .          Harm     .   N - +2 cloak "Zalicwun" {Dex+2}
rCorr   .          Rampage  .   w - +0 pair of gloves of Jucraw {Str+3}
Will    .....      Archmagi +   (no boots)
Stlth   ++........ NoTele   +   f - amulet "Jydut" {Reflect +Blink +Inv MP+9 SH+5}
HPRegen 0.21/turn               m - ring of protection from fire
MPRegen 0.21/turn               p - +6 ring of dexterity

@: radiating poison, hasted, very quick
A: horns 1, large bone plates 2, icemail 1, condensation shield, demonic magic
1, clumsy 1, deformed body, deterioration 2, frail 1, screaming 1
a: Renounce Religion, Evoke Blink, Evoke Invisibility


You were in a Gauntlet.
You worshipped Vehumet.
Vehumet was pleased with you.
You visited 3 branches of the dungeon, and saw 12 of its levels.
You also visited: Gauntlet.

You collected 588 gold pieces.
You spent 516 gold pieces at shops.

Inventory:

Hand Weapons
 c - a +0 dagger
 e - a +0 short sword
 j - a +2 short sword of electrocution
Missiles
 h - 43 poisoned darts
 y - 2 throwing nets
Armour
 a - a +0 robe
 b - a +1 helmet
 o - a +0 kite shield
 r - a +2 hat
 u - a +2 robe of the Archmagi (worn)
 w - the +0 pair of gloves of Jucraw (worn) {Str+3}
   (You bought it in a shop on level 5 of the Dungeon)

   Str:       It affects your strength (+3).
 G - +0 acid dragon scales
 N - the +2 cloak "Zalicwun" (worn) {Dex+2}
   (You found it on level 1 of the Lair of Beasts)

   Dex:       It affects your dexterity (+2).
 O - a +0 leather armour of fire resistance
Magical Staves
 L - a staff of conjuration (weapon)
Jewellery
 d - an amulet of guardian spirit
 f - the amulet "Jydut" (around neck) {Reflect +Blink +Inv MP+9 SH+5}
   (You found it on level 4 of the Dungeon)

   [amulet of reflection]

   It reflects blocked missile attacks.
   MP:        It affects your magic capacity (+9).
   +Inv:      It lets you turn invisible.
   +Blink:    It lets you blink.
   SH:        It affects your SH (+5).
 m - a ring of protection from fire (left hand)
 p - a +6 ring of dexterity (right hand)
 v - a ring of fire
 M - an amulet of magic regeneration
Wands
 n - a wand of digging (4)
 B - a wand of charming (9)
 C - a wand of flame (49)
 E - a wand of acid (8)
 J - a wand of polymorph (15)
Scrolls
 k - 5 scrolls of enchant armour
 s - a scroll of enchant weapon
 D - a scroll of teleportation
 I - a scroll of fear
 K - a scroll of amnesia
Potions
 g - a potion of attraction
 i - a potion of haste
 l - 7 potions of heal wounds
 q - a potion of magic
 t - 2 potions of brilliance {unknown}
 x - a potion of flight {unknown}
 z - a potion of berserk rage {unknown}
 A - a potion of curing
 F - a potion of cancellation {unknown}
 H - a potion of degeneration {unknown}


   Skills:
 + Level 4.9 Fighting
 - Level 1.7 Dodging
 - Level 1.7 Stealth
 + Level 4.5 Shields
 - Level 6.0 Spellcasting
 * Level 11.9 Conjurations
 - Level 3.0 Translocations
 - Level 0.8 Transmutations
 + Level 4.5 Fire Magic
 - Level 3.0 Air Magic
 - Level 8.7 Poison Magic


You had one spell level left.
You knew the following spells:

 Your Spells              Type           Power      Damage    Failure   Level
a - Sting                 Tmut/Pois      100%       1d8       1%          1
b - Mephitic Cloud        Conj/Pois/Air  69%        N/A       1%          3
c - Olgreb's Toxic Radia  Pois           56%        N/A       3%          4
d - Iskenderun's Mystic   Conj/Tloc      67%        2d14      5%          4
e - Swiftness             Air            25%        N/A       10%         3
f - Starburst             Conj/Fire      35%        6d10      50%         6

Your spell library contained the following spells:

 Spells                   Type           Power      Damage    Failure   Level
 Searing Ray              Conj           100%       2d8       1%          2
 Magic Dart               Conj           100%       1d8       1%          1
 Shock                    Conj/Air       100%       1d9       1%          1
 Slow                     Hex            32%        N/A       11%         1
 Poisonous Vapours        Pois/Air       84%        N/A       1%          2
 Dazzling Flash           Conj/Hex       100%       N/A       3%          3
 Gell's Gravitas          Tloc           25%        N/A       10%         3
 Lesser Beckoning         Tloc           25%        N/A       10%         3
 Teleport Other           Tloc           25%        N/A       10%         3
 Call Imp                 Summ           8%         N/A       17%         2
 Portal Projectile        Hex/Tloc       34%        N/A       19%         3
 Confusing Touch          Hex            8%         N/A       32%         3
 Vampiric Draining        Necr           8%         2d6       32%         3
 Airstrike                Air            12%        N/A       32%         4
 Blade Hands              Tmut           6%         N/A       91%         5
 Excruciating Wounds      Necr           4%         N/A       97%         5


Dungeon Overview and Level Annotations

Branches:
Dungeon (9/15)             Temple (1/1) D:5            Lair (2/6) D:8
Gauntlet (1/1)
  Swamp: Lair:2-4    Shoals: Lair:2-4     Snake: Lair:2-4    Spider: Lair:2-4
    Orc: D:9-12

Altars:
Dithmenos
Fedhas
Gozag
Hepliaklqana
Makhleb
Nemelex Xobeh
Qazlal
Ru
Sif Muna
Trog
Vehumet
Wu Jian
The Shining One

Shops:
D:5 *

Annotations:
D:8 3 runed translucent doors, AttackTheMoon's ghost, novice OpBr Gauntlet 4 transporters


Innate Abilities, Weirdness & Mutations

You have a pair of small horns on your head.
You are mostly covered in large bone plates. (SH +6)
A meltable icy envelope protects you from harm. (AC +4)
A meltable shield of frost defends you. (SH +4)
Spells you cast may paralyse adjacent enemies.
You are clumsy. (Dex -2)
Armour fits poorly on your strangely shaped body.
Your body often deteriorates upon taking damage.
You are frail. (-10% HP)
You occasionally shout uncontrollably at your foes.


Message History

Press: ? - help, Shift-Dir - straight line, f/p - minotaur
Aim: a minotaur, wielding the +1 morningstar of Somewhere Else {freeze, rC+ Str-2 Int+4}, wearing +1 ice dragon scales and quivering silver javelins (noxious fumes, moderately wounded, very poisoned, 79% to hit)
The bolt of acid hits the minotaur.
The acid corrodes the minotaur!
The minotaur is moderately wounded.
The minotaur is engulfed in noxious fumes.
Aiming: Corrosive Bolt
Press: ? - help, Shift-Dir - straight line, f/p - minotaur
Aim: a minotaur, wielding the +1 morningstar of Somewhere Else {freeze, rC+ Str-2 Int+4}, wearing +1 ice dragon scales and quivering silver javelins (moderately wounded, very poisoned, covered in acid, 79% to hit)
The bolt of acid hits the minotaur!
The minotaur is heavily wounded.
The minotaur looks even sicker.
The minotaur throws a silver javelin.
The silver javelin pierces through you but does no damage.
The silver sears you!
You take 1 damage, and have 50/70 hp.
Casting: Olgreb's Toxic Radiance (dangerous; 3% risk of failure)
Confirm with . or Enter, or press ? or * to list all spells.
You feel a surge of power!
Your toxic radiance grows in intensity.
Malevolent energies surge around you.
You now have 11/29 mp.
The minotaur throws a silver javelin.
The silver javelin pierces through you. The silver sears you!
You take 3 damage, and have 47/70 hp.
Casting: Olgreb's Toxic Radiance (dangerous; 3% risk of failure)
Confirm with . or Enter, or press ? or * to list all spells.
You feel a surge of power!
Your toxic radiance grows in intensity.
Malevolent energies surge around you.
You now have 7/29 mp.
The minotaur throws a silver javelin.
The silver javelin pierces through you!!
Your body deteriorates!
You feel weakened. The silver sears you!
* * * LOW HITPOINT WARNING * * *
You take 35 damage, and have 14/70 hp.
MASSIVE DAMAGE!!
Casting: Olgreb's Toxic Radiance (dangerous; 3% risk of failure)
Confirm with . or Enter, or press ? or * to list all spells.
You feel a surge of power!
Your toxic radiance grows in intensity.
The minotaur looks even sicker.
Malevolent energies surge around you.
The minotaur is no longer covered in acid.
The minotaur throws a silver javelin.
The silver javelin pierces through you!
You die...

8##≈...............≈##
###8.8.8..©.©..8.8.8##
#≈...............≈#
###.#.#######.#.###
#.#....#....#.#
#.#.##.#.##.#.#
#.H...........#
#.#..##'##..#.#
#@#..#8.8# #
#....#...# ###8.#8.8#
####|.(# #8.8# #[.}#


You could see a minotaur (very poisoned).

Vanquished Creatures
  A hydra (Lair:2)
  Erica (Lair:1)
  A death yak (D:7)
  A tengu warrior (Gauntlet)
  A wizard (Gauntlet)
  Pikel (D:4)
  A shining eye (Gauntlet)
  4 cane toads
  A rime drake (Lair:1)
  A komodo dragon (Lair:2)
  A tengu conjurer (Gauntlet)
  2 hornets (Gauntlet)
  The ghost of pascalblue the Digger, an amateur DEEE of Sif Muna (D:4)
  2 wyverns (D:8)
  3 basilisks
  3 yaks (Lair:1)
  2 golden eyes (Gauntlet)
  Menkaure (D:4)
  An acid dragon (D:7)
  8 water moccasins
  Duvessa (D:5)
  3 black bears
  A sky beast (D:7)
  An ice beast (D:7)
  A necrophage (D:7)
  19 wolves (Lair:1)
  An ogre (D:6)
  2 centaurs (D:8)
  2 phantoms
  A lemure (D:4)
  A kobold brigand (D:5)
  4 bullfrogs
  3 scorpions
  Dowan (D:5)
  2 electric eels (Lair:1)
  A bullfrog zombie (D:6)
  2 centaur zombies (D:7)
  3 orc priests (D:7)
  2 hounds (D:7)
  4 jellies
  A gnoll shaman (D:6)
  4 iguanas
  2 orc wizards
  A killer bee zombie (D:7)
  A howler monkey zombie (D:9)
  4 gnolls (D:6)
  3 adders
  2 shadow imps (Gauntlet)
  A white imp (Gauntlet)
  2 worms (D:3)
  A dart slug (D:3)
  11 orcs
  3 ball pythons
  5 endoplasms
  7 giant cockroaches
  6 goblins
  4 hobgoblins
  7 jackals
  2 quokkas
  7 bats
  5 frilled lizards
  18 kobolds
  3 rats
192 creatures vanquished.

Vanquished Creatures (others)
  9 demonic plants (Gauntlet)
  5 fungi
  14 plants
28 creatures vanquished.

Grand Total: 220 creatures vanquished

Notes
Turn   | Place    | Note
-------+----------+-------------------------------------------
     0 | D:1      | jasper the Demonspawn Venom Mage began the quest for the
                  | Orb.
     0 | D:1      | Reached XP level 1. HP: 13/13 MP: 3/3
   177 | D:1      | Found a faded altar of an unknown god.
   309 | D:1      | Gained mutation: Spells you cast may paralyse adjacent
                  | enemies. [demonic ancestry]
   309 | D:1      | Reached XP level 2. HP: 13/19 MP: 0/5
  1189 | D:1      | Gained mutation: A meltable shield of frost defends you.
                  | (SH +4) [demonic ancestry]
  1189 | D:1      | Reached XP level 3. HP: 23/24 MP: 3/6
  1193 | D:1      | Learned a level 3 spell: Mephitic Cloud
  2719 | D:3      | Gained mutation: You are partially covered in large bone
                  | plates. (SH +4) [demonic ancestry]
  2719 | D:3      | Reached XP level 4. HP: 30/30 MP: 3/7
  2872 | D:3      | Reached skill level 5 in Poison Magic
  3794 | D:4      | Noticed Menkaure
  3808 | D:4      | Killed Menkaure
  3809 | D:4      | Reached XP level 5. HP: 8/35 MP: 8/8
  3899 | D:4      | Identified the amulet "Jydut" {Reflect +Blink +Inv MP+9
                  | SH+5}
  4354 | D:4      | Noticed Pikel
  4354 | D:4      | Noticed a lemure
  4354 | D:4      | Noticed a lemure
  4357 | D:4      | Noticed a lemure
  4363 | D:4      | Killed a lemure
  4369 | D:4      | Noticed a lemure
  4404 | D:4      | Killed Pikel
  4405 | D:4      | Gained mutation: A meltable icy envelope protects you from
                  | harm. (AC +4) [demonic ancestry]
  4405 | D:4      | Reached XP level 6. HP: 15/41 MP: 8/9
  4405 | D:4      | Reached XP level 7. HP: 17/46 MP: 8/10
  4410 | D:4      | Learned a level 4 spell: Olgreb's Toxic Radiance
  4712 | D:4      | Reached skill level 1 in Conjurations
  4858 | D:4      | Reached skill level 2 in Conjurations
  5116 | D:4      | Found a sacrificial altar of Ru.
  5403 | D:5      | Entered Level 5 of the Dungeon
  5511 | D:5      | Reached skill level 3 in Conjurations
  5601 | D:5      | Gained mutation: You have a pair of small horns on your
                  | head. [demonic ancestry]
  5601 | D:5      | Reached XP level 8. HP: 52/52 MP: 12/12
  5661 | D:5      | Found a runed translucent gate.
  5661 | D:5      | Found a runed translucent gate.
  5661 | D:5      | Found a runed translucent gate.
  5662 | D:5      | Noticed pascalblue's ghost (amateur DEEE)
  5719 | D:5      | Reached skill level 4 in Conjurations
  5973 | D:5      | Found Ragat's Assorted Antiques.
  5982 | D:5      | Noticed Dowan
  5985 | D:5      | Noticed Duvessa
  5988 | D:5      | Killed Dowan
  6025 | D:5      | Killed Duvessa
  6552 | D:5      | Found a staircase to the Ecumenical Temple.
  6779 | Temple   | Entered the Ecumenical Temple
  6789 | Temple   | Became a worshipper of Vehumet
  6881 | D:5      | Reached skill level 5 in Conjurations
  6897 | D:4      | Killed pascalblue's ghost
  7073 | D:4      | Learned a level 4 spell: Iskenderun's Mystic Blast
  7120 | D:6      | Reached skill level 6 in Conjurations
  7120 | D:6      | Reached skill level 1 in Translocations
  7302 | D:6      | Reached XP level 9. HP: 57/57 MP: 15/15
  7360 | D:6      | Found a bloodstained altar of Trog.
  7501 | D:5      | Bought a pair of smoking gloves for 228 gold pieces
  7501 | D:5      | Identified the +0 pair of gloves of Jucraw {Str+3} (You
                  | bought it in a shop on level 5 of the Dungeon)
  7928 | D:6      | Learned a level 3 spell: Swiftness
  8321 | D:7      | Reached skill level 7 in Conjurations
  8346 | D:7      | Reached skill level 5 in Spellcasting
  8514 | D:7      | Reached * piety under Vehumet
  8514 | D:7      | Offered knowledge of Foxfire by Vehumet.
  9000 | D:7      | Found a stormy altar of Qazlal.
  9582 | D:8      | Found a staircase to the Lair.
  9582 | D:8      | Noticed a death yak
  9589 | D:8      | Reached skill level 8 in Conjurations
  9589 | D:8      | Reached skill level 1 in Air Magic
  9636 | D:7      | Killed a death yak
  9637 | D:7      | Reached XP level 10. HP: 21/63 MP: 9/19
  9874 | D:8      | Learned a level 6 spell: Starburst
  9915 | D:8      | Found a runed translucent gate.
  9915 | D:8      | Found a runed translucent gate.
  9915 | D:8      | Found a runed translucent gate.
  9916 | D:8      | Noticed AttackTheMoon's ghost (novice OpBr)
  9916 | D:8      | Noticed a nine-headed hydra
  9951 | D:8      | Reached skill level 9 in Conjurations
 10805 | D:9      | Found an opulent altar of Gozag.
 11119 | D:5      | Bought a weird glowing staff for 288 gold pieces
 11264 | Lair:1   | Entered Level 1 of the Lair of Beasts
 11264 | Lair:1   | Noticed a cane toad
 11270 | Lair:1   | Reached skill level 1 in Fighting
 11272 | Lair:1   | Reached skill level 1 in Shields
 11272 | Lair:1   | Reached skill level 1 in Fire Magic
 11273 | Lair:1   | Killed a cane toad
 11273 | Lair:1   | Reached ** piety under Vehumet
 11274 | Lair:1   | Reached skill level 10 in Conjurations
 11290 | Lair:1   | Offered knowledge of Searing Ray by Vehumet.
 11291 | Lair:1   | Noticed a cane toad
 11292 | Lair:1   | Noticed a cane toad
 11449 | Lair:1   | Noticed Erica
 11466 | Lair:1   | Killed Erica
 11583 | Lair:1   | Gained mutation: You are mostly covered in large bone
                  | plates. (SH +6) [demonic ancestry]
 11583 | Lair:1   | Reached XP level 11. HP: 53/75 MP: 20/20
 11728 | Lair:1   | Reached skill level 11 in Conjurations
 12636 | Lair:1   | Identified the +2 cloak "Zalicwun" {Dex+2}
 12814 | Lair:2   | Noticed a five-headed hydra
 12823 | Lair:2   | Killed a five-headed hydra
 12864 | Lair:2   | Found a gate leading to a gauntlet.
 12880 | Gauntlet | Entered a Gauntlet
 12880 | Gauntlet | Found a transporter.
 12880 | Gauntlet | Found a transporter.
 12881 | Gauntlet | Found a transporter.
 12882 | Gauntlet | Noticed a tengu warrior
 12884 | Gauntlet | Found a transporter.
 12884 | Gauntlet | Found a transporter.
 12889 | Gauntlet | Noticed a wizard
 12895 | Gauntlet | Found a transporter.
 12901 | Gauntlet | Found a transporter.
 12903 | Gauntlet | Found a transporter.
 12916 | Gauntlet | Found a transporter.
 12938 | Gauntlet | Found a transporter.
 12953 | Gauntlet | Noticed a shining eye
 12964 | Gauntlet | Found a transporter.
 13034 | Gauntlet | Found a transporter.
 13141 | Gauntlet | Killed a tengu warrior
 13319 | Gauntlet | Gained mutation: Your body sometimes deteriorates upon
                  | taking damage. [a shining eye]
 13327 | Gauntlet | Gained mutation: You are clumsy. (Dex -2) [a shining eye]
 13328 | Gauntlet | Gained mutation: You are very clumsy. (Dex -4) [a shining
                  | eye]
 13332 | Gauntlet | Gained mutation: You occasionally shout uncontrollably at
                  | your foes. [a shining eye]
 13333 | Gauntlet | Gained mutation: You tend to lose your temper in combat. [a
                  | shining eye]
 13338 | Gauntlet | Gained mutation: Your body often deteriorates upon taking
                  | damage. [a shining eye]
 13346 | Gauntlet | Gained mutation: You are frail. (-10% HP) [a shining eye]
 13349 | Gauntlet | Gained mutation: You have hidden genetic defects. [a
                  | shining eye]
 13353 | Gauntlet | Killed a shining eye
 13363 | Gauntlet | Lost mutation: You have hidden genetic defects. [potion of
                  | mutation]
 13363 | Gauntlet | Lost mutation: You are very clumsy. (Dex -4) [potion of
                  | mutation]
 13363 | Gauntlet | Lost mutation: You tend to lose your temper in combat.
                  | [potion of mutation]
 13363 | Gauntlet | Gained mutation: Armour fits poorly on your strangely
                  | shaped body. [potion of mutation]
 13430 | Gauntlet | Killed a wizard
 13485 | Gauntlet | Identified the +1 morningstar of Somewhere Else {freeze,
                  | rC+ Str-2 Int+4}
 13485 | Gauntlet | Noticed a minotaur
 13506 | Gauntlet | Hit by a silver javelin thrown by a minotaur

Illustrated notes

Levels and vault maps discovered:
D:1:      shiori_shiawase, layout_basic, ebering_ecumenical_altar_abandoned
D:2:      layout_basic, kennysheep_generic_room_13
D:3:      layout_basic
D:4:      layout_loops_ring, mainiacjoe_overflow_surrounded_room,
          columned_hall_lemuel, uniq_pikel, uniq_menkaure
D:5:      layout_loops_corners, minmay_temple_entry_enclosed_plants,
          gammafunk_ghost_nasty_kobolds, serial_shops,
          nicolae_inconvenience_store, uniq_duvessa
D:6:      layout_rooms, trog_ov_bears_minmay
D:7:      layout_basic, mainiacjoe_overflow_catwalk, minmay_misc_feat_doors,
          hangedman_abyss_or_decor_jellyfish_corner,
          minmay_fractal_squares_diagonal_5
D:8:      layout_cave_pods, david_lair_generic, gammafunk_ghost_hydra_chop
D:9:      layout_roguey, pdpol_temple_overflow_zin_treasury_gozag_greed,
          serial_shops, kennysheep_mini
Temple:   eino_narrow_crystal_temple
Lair:1:   layout_cave_shapes, wad_woods_river_02, grunt_forest_large_clearings,
          infiniplex_staircase_pool_2, uniq_erica
Lair:2:   layout_gridlike, gauntlet_entry_generic, serial_bayou_shore_a,
          grunt_megastairs_4
Gauntlet: gammafunk_gauntlet_shortcut [gammafunk_gauntlet_arena_grid,
          nicolae_gauntlet_swirl, gammafunk_gauntlet_arena_chambers,
          gammafunk_gauntlet_arena_arrow_garden,
          gammafunk_gauntlet_arena_hedges, gammafunk_gauntlet_arena_corners,
          nicolae_gauntlet_exit_dead_adventurers]

Skill      XL: |  1  2  3  4  5  6  7  8  9 10 11 |
---------------+----------------------------------+-----
Poison Magic   | 4 6 8 |  8.7
Conjurations   | 3 6 8 10 11 | 11.9
Spellcasting   | 3 4 6 |  6.0
Translocations | 1 3 |  3.0
Air Magic      | 2 3 |  3.0
Fighting       | 3 4 |  4.9
Shields        | 3 4 |  4.5
Fire Magic     | 3 4 |  4.5
Dodging        | |  1.7
Stealth        | |  1.7
Transmutations | |  0.8

Action                   |  1- 3 |  4- 6 |  7- 9 | 10-12 || total
-------------------------+-------+-------+-------+-------++-------
Melee: Unarmed           |     5 |       |       |       ||     5
       Short sword       |    49 |    21 |   126 |    16 ||   212
       Headbutt          |       |       |    24 |    12 ||    36
       Staff             |       |       |       |    30 ||    30
 Cast: Sting             |    78 |    52 |    48 |       ||   178
       Mephitic Cloud    |       |     1 |       |     1 ||     2
       Olgreb's Toxic Ra |       |       |    36 |    43 ||    79
       Iskenderun's Myst |       |       |     1 |    28 ||    29
Evoke: Wand              |       |       |     4 |     9 ||    13
  Use: Scroll            |     4 |     3 |     6 |     1 ||    14
       Potion            |       |     1 |     2 |     3 ||     6
 Stab: Paralysed         |     9 |     5 |     8 |     3 ||    25
       Distracted        |       |       |       |     1 ||     1
Armor: Robe              |    23 |     3 |    30 |    20 ||    76
       Skin              |       |     2 |       |       ||     2
Dodge: Dodged            |    52 |     8 |    45 |    30 ||   135
Block: Other             |     5 |    10 |   101 |    59 ||   175
       Reflection        |       |       |     7 |     4 ||    11

Table legend: (Time is in decaauts)
 A = Elapsed time spent in this place.
 B = Non-inter-level travel time spent in this place.
 C = Inter-level travel time spent in this place.
 D = Time resting spent in this place.
 E = Time spent auto-exploring this place.
 F = Levels seen in this place.
 G = Mean time per level.
                   A        B        C        D        E       F      G
               +--------+--------+--------+--------+--------+-----+--------+
         Total |  13605 |  12626 |    979 |   2210 |   8443 |  13 | 1046.5 |
       Dungeon |  11269 |  10342 |    927 |   1540 |   7385 |   9 | 1252.1 |
        Temple |     18 |     11 |      7 |      0 |      0 |   1 |   18.0 |
          Lair |   1695 |   1650 |     45 |    449 |    915 |   2 |  847.5 |
      Gauntlet |    620 |    620 |      0 |    221 |    143 |   1 |  620.0 |
               +--------+--------+--------+--------+--------+-----+--------+

Top non-repeatable levels by time:
     D:5: 1906 daAuts
     D:4: 1801 daAuts
     D:7: 1760 daAuts
  Lair:1: 1499 daAuts
     D:1: 1384 daAuts
     D:3: 1249 daAuts
     D:2: 1162 daAuts
     D:8: 1023 daAuts
     D:6: 801 daAuts
Gauntlet: 620 daAuts
  Lair:2: 196 daAuts
     D:9: 179 daAuts
  Temple: 18 daAuts
